 Dungeon Crawl Stone Soup version 0.29.1-13-g9f3cf754e1 (webtiles) character file.

Game seed: 11731970807705275141

2 cdecastro the Sneak (level 1, -2/12 HPs)
             Began as a Kobold Brigand on Jan 30, 2023.
             Slain by a rat (3 damage)
             ... on level 1 of the Dungeon.
             The game lasted 00:00:38 (195 turns).

cdecastro the Sneak (Kobold Brigand)                 Turns: 195, Time: 00:00:39

Health: -2/12      AC:  3    Str:  8    XL:     1   Next: 44%
Magic:  1/1        EV: 14    Int: 12    God:
Gold:   11         SH:  0    Dex: 16    Spells: 0/0 levels left

rFire   . . .      SeeInvis .   a - +2 dagger
rCold   . . .      Faith    .   (no shield)
rNeg    . . .      Spirit   .   b - +0 robe
rPois   .          Reflect  .   (no helmet)
rElec   .          Harm     .   c - +0 cloak
rCorr   .          Rampage  .   (no gloves)
Will    .....                   (no boots)
Stlth   ++++......              (no amulet)
HPRegen 0.04/turn               (no ring)
MPRegen 0.07/turn               (no ring)

@: no status effects
A: small, no large weapons, nightstalker 3
a: no special abilities


You were on level 1 of the Dungeon.
You visited 1 branch of the dungeon, and saw 1 of its levels.

You collected 11 gold pieces.

Inventory:

Hand Weapons
 a - a +2 dagger (weapon)
 f - a +0 sling
Missiles
 d - 9 poisoned darts (quivered)
 e - 3 curare-tipped darts
Armour
 b - a +0 robe (worn)
 c - a +0 cloak (worn)
Magical Staves
 g - a staff of air


   Skills:
 - Level 2.1 Fighting
 * Level 2.9 Short Blades
 - Level 2.1 Throwing
 - Level 1.2 Dodging
 + Level 5.4 Stealth


You couldn't memorise any spells.
You didn't know any spells.
Your spell library was empty.

Dungeon Overview and Level Annotations

Branches:
Dungeon (1/15)

Altars:


Innate Abilities, Weirdness & Mutations

You are small and have problems with some larger weapons.
You are completely attuned to the shadows.


Message History

The goblin is moderately wounded.
The goblin barely misses you.
You barely miss the goblin.
The goblin is moderately wounded.
The goblin closely misses you. The ball python closely misses you.
The ball python misses you.
You barely miss the goblin.
The goblin is moderately wounded.
The rat misses you. The goblin barely misses you. The ball python bites you.
The ball python misses you. The rat attacks as you move away!
The rat misses you.
A kobold comes into view. It is wielding a +0 whip.
The rat attacks as you move away! The rat bites you.
The ball python misses you. The ball python barely misses you.
The rat attacks as you move away! The rat closely misses you.
The ball python attacks as you move away!
The ball python bites you but does no damage.
The ball python closely misses you. The ball python grabs you.
The ball python constricts you.
You escape the ball python's grasp.
The rat twitches its whiskers.
The ball python misses you. The ball python grabs you.
The ball python constricts you. The rat bites you.
You escape the ball python's grasp.
The ball python attacks as you move away!
The ball python closely misses you. The ball python barely misses you.
The kobold shouts!
You hear a bark!
A jackal comes into view.
A quokka comes into view.
You hit the ball python.
The ball python is severely wounded.
The ball python bites you.
* * * LOW HITPOINT WARNING * * *
The ball python barely misses you.
You hit the ball python.
You kill the ball python!
The jackal bites you but does no damage.
The jackal attacks as you move away! The jackal bites you.
* * * LOW HITPOINT WARNING * * *
The rat bites you.
You die...

#...........#.#.....
#.>.............#.##
#....###..........
#.##......#.###.##
..................#
..#K##.#...##.########
.rg..........###.....
#h##..#####.....####
#..@r...............
######...#.#.....####
#.....#...........#
#.8.8.###.#.#.....#
#..8...##.^.####..#
#.8.8...########..#
#........##.......#
#.###.⌠.⌠.#.......#
#.+.#.....#.......#


You could see a quokka, a jackal and a rat.

Vanquished Creatures
  2 ball pythons (D:1)
  A frilled lizard (D:1)
  A rat (D:1)
4 creatures vanquished.

Notes
Turn   | Place    | Note
-------+----------+-------------------------------------------
     0 | D:1      | cdecastro the Kobold Brigand began the quest for the Orb.
     0 | D:1      | Reached XP level 1. HP: 12/12 MP: 1/1
   195 | D:1      | Slain by a rat

Illustrated notes

Levels and vault maps discovered:
D:1:      ncdulo_halloftheorcs, layout_basic,
          hellmonk_ecumenical_altar_dog_temple, minmay_tromino_v4_c

Action                   || total
-------------------------++-------
Melee: Dagger            ||     8
 Stab: Sleeping          ||     3
Armor: Robe              ||     2
Dodge: Dodged            ||    16
